 Dungeon Crawl Stone Soup version 0.14-a0-405-gb95792f (webtiles) character file.

7672 Zet the Arsonist (level 10, -2/50 HPs)
             Began as a Deep Elf Fire Elementalist on Oct 27, 2013.
             Was a Priest of Vehumet.
             Slain by a goliath beetle (23 damage)
             ... on Level 11 of the Dungeon.
             The game lasted 00:53:59 (9742 turns).

Zet the Arsonist (Deep Elf Fire Elementalist)       Turns: 9742, Time: 00:54:00

HP  -2/50        AC  6     Str  5      XL: 10   Next: 85%
MP  17/30        EV 13     Int 24      God: Vehumet [***...]
Gold 549         SH  0     Dex 15      Spells:  5 memorised, 14 levels left

Res.Fire  : + . .   See Invis. : .   l - +3 quarterstaff (chaos)
Res.Cold  : + . .   Warding    : .   C - +2 robe {rC+}
Life Prot.: . . .   Conserve   : .   (no shield)
Res.Poison: .       Res.Corr.  : .   (no helmet)
Res.Elec. : .       Clarity    : .   a - +1 dwarf cloak
Sust.Abil.: . .     Spirit.Shd : .   (no gloves)
Res.Mut.  : .       Stasis     : .   (no boots)
Res.Rott. : .       Flight     : .   (no amulet)
Saprovore : . . .                    o - ring of protection from fire
                                     f - ring of teleport control

@: somewhat resistant to hostile enchantments, fairly stealthy
A: no striking features
a: Renounce Religion, Evoke Teleport Control


You were on level 11 of the Dungeon.
You worshipped Vehumet.
Vehumet was most pleased with you.
You were full.

You visited 2 branches of the dungeon, and saw 12 of its levels.

You collected 529 gold pieces.

Inventory:

Hand weapons
 k - a +0,+0 orcish flail of protection
 l - a +3,+3 quarterstaff of chaos (weapon)
Armour
 a - a +1 dwarven cloak (worn)
 x - the +2 robe "Kloawn" {rPois}
   (You found it on level 5 of the Dungeon)

   It protects you from poison.
 C - a +2 robe of cold resistance (worn)
Magical devices
 m - a wand of fire (6)
 y - a wand of teleportation (4)
 A - a wand of fireball (3)
Comestibles
 c - 4 bread rations
 I - a meat ration
 K - an apple
 M - a rotting chunk of giant gecko flesh
 N - a banana
Scrolls
 i - 2 scrolls of fear {unknown}
 p - a scroll of fog {unknown}
 q - 2 scrolls of magic mapping
 B - a scroll of remove curse
 E - 2 scrolls of identify
 G - 2 scrolls of blinking
 H - a scroll of enchant weapon II {unknown}
 O - 3 scrolls of amnesia
Jewellery
 f - a ring of teleport control (left hand)
 g - an uncursed amulet of guardian spirit
 o - a ring of protection from fire (right hand)
 r - an uncursed ring of ice {unknown}
 J - an uncursed ring of wizardry {unknown}
Potions
 d - 4 potions of curing
 e - 4 potions of heal wounds
 h - 3 potions of restore abilities {unknown}
 n - a potion of invisibility {unknown}
 t - a potion of paralysis {unknown}
 u - a potion of might {unknown}
 v - 2 potions of berserk rage {unknown}
 z - a potion of confusion {unknown}
 D - a potion of agility {unknown}
 F - a potion of speed
Books
 b - a book of Flames

   Spells                             Type                      Level
   *Flame Tongue                      Conjuration/Fire             1
   Throw Flame                        Conjuration/Fire             2
   *Conjure Flame                     Conjuration/Fire             3
   Inner Flame                        Hexes/Fire                   3
   *Sticky Flame                      Conjuration/Fire             4
   *Fireball                          Conjuration/Fire             5
 j - a Young Poisoner's Handbook

   Spells                             Type                      Level
   Sting                              Conjuration/Poison           1
   Cure Poison                        Poison                       2
   *Mephitic Cloud                    Conjuration/Poison/Air       3
   Olgreb's Toxic Radiance            Poison                       4
   Venom Bolt                         Conjuration/Poison           5
 w - a book of Spatial Translocations

   Spells                             Type                      Level
   Apportation                        Translocation                1
   Portal Projectile                  Translocation                2
   Blink                              Translocation                2
   Shroud of Golubria                 Charms/Translocation         2
   Teleport Other                     Translocation                3
   Passage of Golubria                Translocation                4
Magical staves
 s - an uncursed staff of fire


   Skills:
 - Level 2.4 Dodging
 - Level 2.4 Stealth
 + Level 10.5 Spellcasting
 * Level 11.1 Conjurations
 * Level 11.7 Fire Magic
 + Level 0.8 Evocations


You had 14 spell levels left.
You knew the following spells:

 Your Spells              Type           Power        Failure   Level  Hunger
a - Flame Tongue          Conj/Fire      #####        1%          1    None
b - Conjure Flame         Conj/Fire      ######..     1%          3    None
c - Sticky Flame          Conj/Fire      ######..     1%          4    None
d - Fireball              Conj/Fire      ######....   1%          5    ###....
e - Mephitic Cloud        Conj/Pois/Air  ####....     1%          3    None


Dungeon Overview and Level Annotations

Branches:
Dungeon (11/27)            Temple (1/1) D:5             Orc (0/4) D:7
   Lair: D:8-13

Altars:
Ashenzari
Cheibriados
Elyvilon
Kikubaaqudgha
Makhleb
Nemelex Xobeh
Okawaru
Sif Muna
Trog
Vehumet
Xom
Yredelemnul
Zin
the Shining One

Annotations:
D:3 Sigmund
D:10 Urug


Message History

Things that are here:
a dire flail; a hill giant corpse You miss the crimson imp.
The crimson imp hits you but does no damage.
You miss the crimson imp. The crimson imp barely misses you.
The crimson imp closely misses you.
You barely miss the crimson imp.
The crimson imp hits you but does no damage.
You miss the crimson imp.
The crimson imp hits you but does no damage.
Casting: Sticky Flame
Confirm with . or Enter, or press ? or * to list all spells.
Aiming: Sticky Flame
Press: ? - help, Shift-Dir - straight line, f - goliath beetle
Aim: a goliath beetle The sticky flame hits the goliath beetle.
The goliath beetle is lightly wounded.
The goliath beetle is covered in liquid flames!
The goliath beetle burns!
The crimson imp blinks!
The goliath beetle bites you!
You die...

..#.....#....#.......#
..#.....#.%..#.......#
..#######....#.......#
.............'.......#
.............#.......#
.............#.......#
.............#.......+ ###
.............######'##......
............5..B@...........
................ยง...........
###.........####...........
#.........# #....####...
#..####.# #....# .. #.. #.
#....# . #....# #....# #....#


You could see a goliath beetle (burning) and a crimson imp.

Vanquished Creatures
  2 hill giants
  Erolcha (D:9)
  Psyche (D:8)
  A wyvern (D:8)
  Eustachio (D:9)
  3 hippogriffs
  A hill giant skeleton (D:10)
  A manticore (D:10)
  2 ice beasts
  3 orc warriors
  5 sky beasts
  5 phantoms
  2 ogres
  2 centaurs
  A big kobold (D:6)
  10 giant frogs
  A water moccasin (D:8)
  Blork the orc (D:8)
  An eye of draining (D:10)
  A manticore zombie (D:9)
  A manticore skeleton (D:6)
  A hippogriff zombie (D:10)
  3 goliath beetles
  4 hounds
  A jelly (D:6)
  4 crimson imps
  A gnoll shaman (D:5)
  4 scorpions
  Crazy Yiuf (D:3)
  5 orc priests
  An iguana (D:6)
  4 worker ants
  A black bear skeleton (D:5)
  8 orc wizards
  An ogre zombie (D:5)
  A big kobold skeleton (D:8)
  A mottled dragon skeleton (D:10)
  2 mummies
  A worker ant zombie (D:5)
  13 gnolls
  11 adders
  A giant centipede (D:10)
  4 giant mites
  4 worms
  3 giant centipede zombies
  An iguana skeleton (D:4)
  2 giant eyeballs
  5 giant geckos
  3 oozes
  43 orcs
  11 bats
  3 giant cockroaches
  20 hobgoblins
  4 jackals
  4 quokkas
  5 giant newts
  A giant spore (D:10)
  10 goblins
  A hobgoblin skeleton (D:7)
  19 kobolds
  13 rats
  A ballistomycete (D:10)
272 creatures vanquished.

Notes
Turn   | Place    | Note
--------------------------------------------------------------
     0 | D:1      | Zet, the Deep Elf Fire Elementalist, began the quest for the Orb.
     0 | D:1      | Reached XP level 1. HP: 10/10 MP: 4/4
   361 | D:1      | Reached XP level 2. HP: 15/15 MP: 4/6
   820 | D:2      | Reached skill level 4 in Fire Magic
   884 | D:2      | Reached XP level 3. HP: 17/19 MP: 5/9
   890 | D:2      | Learned a level 3 spell: Conjure Flame
  1308 | D:2      | Reached XP level 4. HP: 24/24 MP: 3/12
  1972 | D:3      | Found a sparkling altar of Nemelex Xobeh.
  1980 | D:2      | Reached XP level 5. HP: 17/28 MP: 8/16
  1986 | D:2      | Learned a level 4 spell: Sticky Flame
  2150 | D:3      | Noticed Crazy Yiuf
  2162 | D:3      | Killed Crazy Yiuf
  2228 | D:3      | Reached skill level 5 in Fire Magic
  2492 | D:3      | Noticed Sigmund
  2621 | D:3      | Noticed an ogre
  2657 | D:3      | Killed an ogre
  2657 | D:3      | Reached XP level 6. HP: 32/32 MP: 10/18
  2808 | D:4      | Learned a level 5 spell: Fireball
  3281 | D:4      | Reached skill level 6 in Fire Magic
  3281 | D:4      | Reached XP level 7. HP: 31/36 MP: 6/21
  3517 | D:4      | Reached skill level 5 in Spellcasting
  3517 | D:4      | Reached skill level 5 in Conjurations
  3623 | D:5      | Entered Level 5 of the Dungeon
  3718 | D:5      | Got a heavy robe
  4019 | D:5      | Found a staircase to the Ecumenical Temple.
  4030 | Temple   | Entered the Ecumenical Temple
  4134 | Temple   | Became a worshipper of Vehumet
  4397 | D:5      | Reached skill level 7 in Fire Magic
  4809 | D:6      | Found a white marble altar of Elyvilon.
  4814 | D:6      | Reached XP level 8. HP: 27/41 MP: 12/24
  5030 | D:6      | Acquired Vehumet's first power
  5030 | D:6      | Offered knowledge of Sandblast by Vehumet.
  5335 | D:6      | Identified the +2 robe "Kloawn" {rPois} (You found it on level 5 of the Dungeon)
  5655 | D:7      | Reached skill level 8 in Fire Magic
  5782 | D:7      | Found a staircase to the Orcish Mines.
  6314 | D:7      | Found a glowing golden altar of the Shining One.
  6701 | D:8      | Offered knowledge of Shock by Vehumet.
  6741 | D:8      | Reached XP level 9. HP: 19/45 MP: 8/27
  6890 | D:8      | Reached skill level 9 in Fire Magic
  7019 | D:8      | Noticed Psyche
  7021 | D:8      | Killed Psyche
  7165 | D:8      | Noticed Blork the orc
  7169 | D:8      | Killed Blork the orc
  7536 | D:8      | Reached skill level 10 in Fire Magic
  7541 | D:8      | Offered knowledge of Stone Arrow by Vehumet.
  7855 | D:9      | Noticed Erolcha
  7859 | D:9      | Killed Erolcha
  7859 | D:9      | Reached XP level 10. HP: 50/50 MP: 14/29
  8273 | D:9      | Acquired Vehumet's second power
  8277 | D:9      | Noticed Eustachio
  8278 | D:9      | Killed Eustachio
  8278 | D:9      | Reached skill level 10 in Conjurations
  8487 | D:9      | Paralysed by a giant eyeball for 4 turns
  8643 | D:9      | Learned a level 3 spell: Mephitic Cloud
  8690 | D:10     | Entered Level 10 of the Dungeon
  8879 | D:10     | Noticed Urug
  8980 | D:10     | Reached skill level 11 in Fire Magic
  9237 | D:10     | Noticed a hill giant
  9243 | D:10     | Killed a hill giant
  9243 | D:10     | Reached skill level 10 in Spellcasting
  9354 | D:10     | Offered knowledge of Dazzling Spray by Vehumet.
  9724 | D:11     | Noticed a hill giant
  9735 | D:11     | Killed a hill giant
  9742 | D:11     | Slain by a goliath beetle

Action                   |  1- 3 |  4- 6 |  7- 9 | 10-12 || total
-------------------------+-------+-------+-------+-------++-------
Melee: Hand axe          |     1 |       |       |       ||     1
       Whip              |       |     4 |    55 |       ||    59
       Staff             |       |       |     5 |     8 ||    13
       Quarterstaff      |       |       |     4 |    14 ||    18
 Cast: Flame Tongue      |    66 |   120 |   287 |    81 ||   554
       Conjure Flame     |     1 |     7 |     8 |     5 ||    21
       Sticky Flame      |       |     3 |    28 |    21 ||    52
       Fireball          |       |       |    17 |    18 ||    35
Evoke: Wand              |       |       |     4 |       ||     4
  Use: Scroll            |       |     7 |    11 |     1 ||    19
       Potion            |       |     1 |       |       ||     1
 Stab: Sleeping          |       |     2 |       |       ||     2
